 Dungeon Sprint DCSS version 0.31-a0-858-g469dc525a8 (webtiles) character file.

Game seed: 1426285829685162177

16097 Revguard the Fighter (level 12, 0/84 HPs)
             Began as a Gargoyle Fighter on Oct 9, 2023.
             Was the Champion of the Shining One.
             Killed by divine providence
             ... invoked by a daeva
              (9 damage)
             ... in the Dungeon (Sprint V: "Ziggurat Sprint").
             The game lasted 00:10:57 (828 turns).

Revguard the Fighter (Gargoyle Fighter)              Turns: 828, Time: 00:10:57

Health: 0/84       AC: 42    Str: 29    XL:     12   Next: 33%
Magic:  0/21       EV: 11    Int:  9    God:    the Shining One [******]
Gold:   0          SH: 41    Dex: 13    Spells: 11/11 levels left

rFire   . . .        s - +7 sacred scourge (holy)
rCold   + . .        D - +18 shield of the Gong {Loud rN+ Will+ rCorr EV-5}
rNeg    + + +        C - +15 Maxwell's patent armour {-Cast -Tele rElec Will+ rCorr}
rPois   ∞            (no helmet)
rElec   +            (no cloak)
rCorr   +            y - +1 pair of gloves {Stlth+}
SInv    .            (no boots)
Will    +++..        H - amulet of Free Will {Spirit rC+ rN+ Will+ Str+2} Stlth
                     A - +6 ring of strength
HPRegen 0.34/turn    v - +5 ring of evasion
MPRegen 0.17/turn

%: no teleportation, no spellcasting, guardian spirit
@: divinely shielded, on berserk cooldown, hasted and slowed, glowing
A: sickness immunity, AC +8, negative energy resistance 1, electricity
resistance, torment resistance 1, petrification resistance
a: Renounce Religion, Divine Shield, Cleansing Flame, Summon Divine Warrior


You were in the Dungeon.
You worshipped the Shining One.
The Shining One was exalted by your worship.
You visited 1 branch

Inventory:

Hand Weapons
 a - the +6 shillelagh "Devastator" {shatter}
   (You found it in the Dungeon)
 s - a +7 sacred scourge of holy wrath (weapon)
Armour
 y - a +1 pair of gloves of stealth (worn)
 C - the +15 Maxwell's patent armour (worn) {-Cast -Tele rElec Will+ rCorr}
   (You found it in the Dungeon)

   rElec:     It insulates you from electricity.
   Will+:     It increases your willpower.
   -Cast:     It prevents spellcasting.
   -Tele:     It prevents most forms of teleportation.
   rCorr:     It protects you from acid and corrosion.
 D - the +18 shield of the Gong (worn) {Loud rN+ Will+ rCorr EV-5}
   (You found it in the Dungeon)

   Loud:      It is deafeningly noisy when blocking attacks.
   EV-5:      It affects your evasion (-5).
   rN+:       It protects you from negative energy.
   Will+:     It increases your willpower.
   rCorr:     It protects you from acid and corrosion.
Jewellery
 v - a +5 ring of evasion (right hand)
 w - a +6 ring of dexterity
 z - a ring of flight
 A - a +6 ring of strength (left hand)
 B - a ring of magical power
 E - the ring of Weoptel {rPois rCorr}
   (You found it in the Dungeon)

   [ring of resist corrosion]

   rPois:     It protects you from poison rCorr: It protects you from acid and
   corrosion.
 G - an amulet of reflection
 H - the amulet of Free Will (around neck) {Spirit rC+ rN+ Will+ Str+2}
   (You found it in the Dungeon)

   [amulet of guardian spirit]

   Spirit:    It causes incoming damage to be divided between your reserves of
   health and magic.
   Str+2:     It affects your strength (+2).
   rC+:       It protects you from cold.
   rN+:       It protects you from negative energy.
   Will+:     It increases your willpower.
 I - a ring of fire
Wands
 b - a wand of flame (12)
 c - a wand of polymorph (11)
 t - a wand of iceblast (10)
 u - a wand of acid (16)
 x - a wand of charming (7)
 F - a wand of mindburst (7)
Scrolls
 j - 4 scrolls of blinking
 o - 4 scrolls of amnesia
 p - 7 scrolls of fog
 q - 5 scrolls of identify
 r - 2 scrolls of fear
Potions
 d - 6 potions of might
 e - 10 potions of curing
 g - 5 potions of haste
 h - 5 potions of magic
 i - a potion of berserk rage
 k - 2 potions of brilliance
 l - 2 potions of invisibility
 m - 4 potions of resistance
Miscellaneous
 n - a lightning rod (4/4)


   Skills:
 + Level 13.9 Fighting
 - Level 1.7(7.5) Axes
 + Level 12.5 Maces & Flails
 + Level 13.3 Armour
 + Level 10.0 Dodging
 + Level 13.3 Shields
 + Level 12.8 Invocations
 + Level 10.9 Evocations


You had 11 spell levels left.
You didn't know any spells.
Your spell library contained the following spells:

 Spells                   Type           Power      Damage    Failure   Level
 Blink                    Tloc           0%         N/A       99%         2
 Poisonous Vapours        Pois/Air       0%         N/A       99%         2
 Inner Flame              Hex/Fire       0%         N/A       100%        3
 Mephitic Cloud           Conj/Pois/Air  0%         N/A       100%        3
 Ozocubu's Armour         Ice            0%         N/A       100%        3
 Stone Arrow              Conj/Erth      0%         3d7       100%        3
 Tukima's Dance           Hex            0%         N/A       100%        3
 Animate Armour           Summ/Erth      0%         N/A       100%        4
 Dimensional Bullseye     Hex/Tloc       0%         N/A       100%        4
 Iskenderun's Mystic Bla  Conj/Tloc      0%         2d3       100%        4
 Manifold Assault         Tloc           0%         N/A       100%        4
 Passage of Golubria      Tloc           0%         N/A       100%        4
 Freezing Cloud           Conj/Ice/Air   0%         6-21      100%        5
 Metabolic Englaciation   Hex/Ice        0%         N/A       100%        5
 Silence                  Hex/Air        0%         N/A       100%        5
 Yara's Violent Unravell  Hex/Tmut       0%         3d3       100%        5
 Dispersal                Tloc           0%         N/A       100%        6
 Simulacrum               Ice/Necr       0%         N/A       100%        6
 Enfeeble                 Hex            0%         N/A       100%        7
 Disjunction              Tloc           0%         N/A       100%        8
 Lehudib's Crystal Spear  Conj/Erth      0%         10d2      100%        8


Dungeon Overview and Level Annotations

Branches:
Dungeon (1/1)

Altars:
Ashenzari
Cheibriados
Dithmenos
Elyvilon
Fedhas
Gozag
Hepliaklqana
Kikubaaqudgha
Makhleb
Nemelex Xobeh
Okawaru
Qazlal
Ru
Sif Muna
Trog
Uskayaw
Vehumet
Wu Jian
Xom
Yredelemnul
Zin
The Shining One
Jiyva
Lugonu


Innate Abilities, Weirdness & Mutations

You are immune to sickness and miasma.
Your stone body is resilient. (AC +8)
You are immune to poison.
You resist negative energy. (rN+)
You are resistant to electric shocks. (rElec)
You are resistant to unholy torment.
You are immune to petrification.


Message History

GONNNNG!
The pearl dragon claws you but does no damage.
Unknown command.
You whack the ophan!
The ophan is almost dead.
The daeva closely misses you. You block the daeva's attack.
BONNNG!
The ophan calls forth blessed flames!
You block the pearl dragon's attack.
BOUMMMMG!
You block the pearl dragon's attack.
PTOANNNG!
Your daeva barely misses the pearl dragon.
Your daeva completely misses the pearl dragon.
You whack the ophan!
You kill the ophan!
The cherub unwields the +10 war axe of Beogh's Grace {venom, rN+}.
It stops dripping with poison.
The cherub wields a +0 sling.
The cherub shoots a sling bullet.
SHROANNG!
You block the sling bullet.
The pearl dragon bites you but does no damage.
You block the pearl dragon's attack.
PANG!
Your Dodging skill increases to level 10!
Aiming: Corrosive Bolt
Press: ? - help, Shift-Dir - straight line, f - manticore
Aim: a manticore (severely wounded, haloed, 90% to hit)
The bolt of acid hits the daeva!!
The acid corrodes the daeva!
The daeva is lightly wounded.
The bolt of acid hits the manticore!!
The acid corrodes the manticore!
You kill the manticore!
Your daeva closely misses the pearl dragon.
Your daeva hits the pearl dragon with a +2 scimitar of holy wrath.
You block the pearl dragon's attack.
PTOANNNG!
The pearl dragon claws you but does no damage.
The daeva calls down the wrath of the Shining One upon you.
The Shining One smites you!
You die...

▓..).|.)..▓....)
▓..=::)=..▓....)"|..▓....[
▓.........▓.........▓.....
▓.........▓.........▓.....
▓.........▓.........▓....)
▓.........▓....†....▓.....
▓.....†A.A▓...[††...▓.▓...
▓.......D†▓.▓.)...▓.▓....©
▓....©..A@▓....©....▓▓▓▓▓▓
▓▓▓▓▓▓▓▓▓▓▓▓▓▓▓▓▓▓▓▓▓


You could see a daeva (strong, corroded), a pearl dragon (ally target), a cherub
and a friendly daeva (summoned).

Vanquished Creatures
  A caustic shrike (D)
  A pearl dragon (D)
  An angel (D)
  An apis (D)
  An ophan (D)
  A spriggan air mage (D)
  A hydra (D)
  A dancing weapon (D)
  A spriggan druid (D)
  A deep elf pyromancer (D)
  2 deep elf zephyrmancers (D)
  A manticore (D)
  2 elephants (D)
  2 black mambas (D)
  A cane toad (D)
  A freezing wraith (D)
  An ice devil (D)
  A polar bear (D)
  2 tarantellas (D)
  A jumping spider (D)
  A yak (D)
  2 basilisks (D)
  A water moccasin (D)
  4 ice beasts (D)
  2 orc warriors (D)
  2 wolves (D)
  2 phantoms (D)
  A bullfrog (D)
  6 necrophages (D)
  7 scorpions (D)
  3 wights (D)
  An iguana (D)
  3 orc wizards (D)
  3 adder skeletons (D)
  2 adder zombies (D)
  An adder simulacrum (D)
  An orc (D)
  A bat skeleton (D)
  A bat zombie (D)
  A jackal zombie (D)
  A quokka zombie (D)
70 creatures vanquished.

Vanquished Creatures (collateral kills)
  A pearl dragon (D)
1 creature vanquished.

Grand Total: 71 creatures vanquished

Notes
Turn   | Place    | Note
-------+----------+-------------------------------------------
     0 | D        | Revguard the Gargoyle Fighter began the quest for the Orb.
     0 | D        | Reached XP level 1. HP: 14/14 MP: 1/1
     0 | D        | Found a shimmering blue altar of Sif Muna.
     0 | D        | Found a bloodstained altar of Trog.
     0 | D        | Found a sacrificial altar of Ru.
     0 | D        | Found a stormy altar of Qazlal.
     0 | D        | Found an iron altar of Okawaru.
     1 | D        | Found a sparkling altar of Nemelex Xobeh.
     1 | D        | Found a blossoming altar of Fedhas.
     1 | D        | Found the +6 Majin-Bo {spellvamp, MP+6 Int+6}
     1 | D        | Found the +27 heavy crossbow "Sniper" {heavy, Acc+∞ SInv}
     1 | D        | Found the +10 dark maul {heavy}
     1 | D        | Found the +15 Maxwell's patent armour {-Cast -Tele rElec
                  | Will+ rCorr}
     1 | D        | Found the +18 shield of the Gong {Loud rN+ Will+ rCorr
                  | EV-5}
     1 | D        | Found the +16 obsidian axe {drain, demonic, Mesm Drain Fly
                  | SInv}
     1 | D        | Found the +7 great mace "Firestarter" {flame, immolate,
                  | rFlCloud rF++}
     1 | D        | Found the +6 shillelagh "Devastator" {shatter}
     1 | D        | Found the +11 plutonium sword {Contam Stlth-}
     1 | D        | Found the +8 lance "Wyrmbane" {slay drac, rPois rF+ rC+
                  | AC+3}
     1 | D        | Found the +9 sword of Zonguldrok {reap}
     1 | D        | Found the +13 scythe of Curses {drain, curses, Drain}
     1 | D        | Found the +9 sword of Power {lifebolt}
     1 | D        | Found the +7 mace of Variability {chaos, chaos arc}
     1 | D        | Found the +11 Singing Sword {sonic wave}
     1 | D        | Found the +8 storm bow {elec, penet}
     3 | D        | Found a transporter.
     3 | D        | Found an ancient bone altar of Kikubaaqudgha.
     3 | D        | Found a viscous altar of Jiyva.
     3 | D        | Found a corrupted altar of Lugonu.
     3 | D        | Found a hazy altar of Hepliaklqana.
     3 | D        | Found a burning altar of Makhleb.
     3 | D        | Found an opulent altar of Gozag.
    60 | D        | Reached skill level 5 in Fighting
    60 | D        | Reached skill level 1 in Dodging
    60 | D        | Reached skill level 1 in Evocations
    60 | D        | Reached XP level 2. HP: 21/21 MP: 1/3
    69 | D        | Became a worshipper of the Shining One
    82 | D        | Entered arena 2.
    82 | D        | Noticed a scorpion
    82 | D        | Noticed a scorpion
    82 | D        | Found a transporter.
    84 | D        | Killed a scorpion
    84 | D        | Killed a scorpion
    85 | D        | Reached skill level 5 in Armour
    85 | D        | Reached skill level 5 in Shields
    85 | D        | Reached XP level 3. HP: 27/27 MP: 3/5
    85 | D        | Reached XP level 4. HP: 32/32 MP: 3/6
    85 | D        | Reached XP level 5. HP: 36/36 MP: 3/7
   125 | D        | Entered arena 3.
   125 | D        | Noticed a tarantella
   125 | D        | Reached * piety under the Shining One
   125 | D        | Noticed a jumping spider
   125 | D        | Found a transporter.
   129 | D        | Killed a tarantella
   130 | D        | Reached skill level 5 in Maces & Flails
   130 | D        | Reached skill level 5 in Invocations
   130 | D        | Reached XP level 6. HP: 37/44 MP: 7/9
   134 | D        | Killed a jumping spider
   135 | D        | Reached skill level 5 in Evocations
   135 | D        | Reached XP level 7. HP: 42/48 MP: 7/11
   157 | D        | Entered arena 4.
   157 | D        | Noticed a deep elf zephyrmancer
   157 | D        | Noticed a +2 flail of protection
   157 | D        | Noticed a deep elf pyromancer
   157 | D        | Reached ** piety under the Shining One
   157 | D        | Noticed a deep elf zephyrmancer
   157 | D        | Found a transporter.
   160 | D        | Noticed a fire elemental
   160 | D        | Noticed a fire elemental
   163 | D        | Killed a deep elf zephyrmancer
   164 | D        | Reached skill level 5 in Dodging
   164 | D        | Reached XP level 8. HP: 55/55 MP: 11/13
   168 | D        | Killed a deep elf zephyrmancer
   171 | D        | Killed a deep elf pyromancer
   172 | D        | Reached XP level 9. HP: 38/61 MP: 11/15
   175 | D        | Killed a +2 flail of protection
   176 | D        | Reached skill level 10 in Fighting
   179 | D        | Got the ring of Weoptel {rPois rCorr}
   286 | D        | Entered arena 5.
   286 | D        | Found the +5 scythe "Finisher" {speed, execute}
   286 | D        | Reached *** piety under the Shining One
   286 | D        | Found a transporter.
   288 | D        | Reached **** piety under the Shining One
   300 | D        | Entered arena 6.
   300 | D        | Noticed a tarantella
   300 | D        | Reached ***** piety under the Shining One
   300 | D        | Found a transporter.
   310 | D        | Killed a tarantella
   332 | D        | Entered arena 7.
   333 | D        | Found a transporter.
   345 | D        | Reached skill level 10 in Armour
   345 | D        | Reached XP level 10. HP: 68/68 MP: 16/16
   460 | D        | Entered arena 8.
   460 | D        | Noticed a black mamba
   461 | D        | Found a transporter.
   464 | D        | Reached skill level 10 in Shields
   465 | D        | Killed a black mamba
   479 | D        | Entered arena 9.
   479 | D        | Reached ****** piety under the Shining One
   480 | D        | Found a transporter.
   487 | D        | Identified a +7 sacred scourge of holy wrath (a +5 demon
                  | whip blessed by the Shining One)
   487 | D        | Received a gift from the Shining One
   500 | D        | Entered arena 10.
   501 | D        | Found a transporter.
   508 | D        | Reached skill level 10 in Invocations
   515 | D        | Reached skill level 10 in Maces & Flails
   531 | D        | Entered arena 11.
   532 | D        | Found a transporter.
   546 | D        | Got the amulet of Free Will {Spirit rC+ rN+ Will+ Str+2}
   573 | D        | Entered arena 12.
   573 | D        | Noticed a black mamba
   573 | D        | Noticed a cane toad
   573 | D        | Noticed a spriggan air mage
   573 | D        | Noticed an elephant
   573 | D        | Noticed an elephant
   574 | D        | Noticed a seven-headed hydra
   574 | D        | Noticed a spriggan druid
   574 | D        | Found the +8 Wrath of Trog {antimagic, *Rage Rampage}
   575 | D        | Found a transporter.
   578 | D        | Killed a black mamba
   579 | D        | Killed a cane toad
   581 | D        | Killed a spriggan druid
   582 | D        | Reached XP level 11. HP: 57/76 MP: 12/19
   587 | D        | Killed a seven-headed hydra
   587 | D        | Killed a spriggan air mage
   764 | D        | Entered arena 13.
   764 | D        | Identified the +10 war axe of Beogh's Grace {venom, rN+}
   764 | D        | Noticed a cherub
   764 | D        | Noticed an apis
   764 | D        | Noticed an ophan
   764 | D        | Noticed a daeva
   764 | D        | Noticed a pearl dragon
   764 | D        | Noticed a manticore
   764 | D        | Noticed a caustic shrike
   764 | D        | Noticed an angel
   765 | D        | Noticed a pearl dragon
   766 | D        | Noticed a pearl dragon
   782 | D        | Killed a pearl dragon
   787 | D        | Killed a caustic shrike
   788 | D        | Reached skill level 10 in Evocations
   797 | D        | Killed an angel
   798 | D        | Reached XP level 12. HP: 51/84 MP: 1/21
   803 | D        | Killed an apis
   808 | D        | Killed a pearl dragon
   827 | D        | Killed an ophan
   828 | D        | Reached skill level 10 in Dodging
   828 | D        | Killed from afar by a daeva

Illustrated notes

Levels and vault maps discovered:
D:        sprint_v [room_start, room_1, room_2, room_3, room_4, room_5, room_6,
          room_7, room_8, room_9, room_10, room_11, room_12, room_13, room_14,
          room_15, room_16, room_17, room_18, room_19, room_20, room_21,
          room_22, room_23, room_24, room_25, room_26, room_27]

Skill      XL: |  1  2  3  4  5  6  7  8  9 10 11 12 |
---------------+-------------------------------------+-----
Fighting       | 5 6 7 8 9 10 11 13 | 13.9
Maces & Flails | 3 4 5 6 7 8 9 10 11 12 | 12.5
Armour         | 4 5 6 7 8 10 11 12 13 | 13.3
Dodging        | 1 2 3 4 5 6 7 8 9 10 | 10.0
Shields        | 4 5 6 7 8 9 11 12 13 | 13.3
Invocations    | 2 3 5 6 8 9 10 12 | 12.8
Evocations     | 1 3 4 5 6 7 9 10 | 10.9
Axes           | |  1.7

Action                     |  1- 3 |  4- 6 |  7- 9 | 10-12 || total
---------------------------+-------+-------+-------+-------++-------
  Melee: Shillelagh        |     1 |     7 |    35 |    43 ||    86
         Sacred scourge    |       |       |       |    49 ||    49
 Invoke: Brand Weapon With |       |       |       |     1 ||     1
         Summon Divine War |       |       |       |     3 ||     3
         Divine Shield     |       |       |       |     2 ||     2
  Evoke: Wand              |       |       |       |     1 ||     1
    Use: Potion            |     1 |       |     2 |    13 ||    16
 Armour: Plate armour      |       |     8 |    31 |    89 ||   128
  Dodge: Dodged            |       |       |     6 |    39 ||    45
  Block: Kite shield       |     2 |    13 |    64 |   220 ||   299
         Reflection        |       |       |     1 |       ||     1

Table legend: (Time is in decaauts)
 A = Elapsed time spent in this place.
 B = Non-inter-level travel time spent in this place.
 C = Inter-level travel time spent in this place.
 D = Time resting spent in this place.
 E = Time spent auto-exploring this place.
 F = Levels seen in this place.
 G = Mean time per level.
                   A        B        C        D        E       F      G
               +--------+--------+--------+--------+--------+-----+--------+
         Total |    794 |    794 |      0 |    390 |      0 |   1 |  794.0 |
       Dungeon |    794 |    794 |      0 |    390 |      0 |   1 |  794.0 |
               +--------+--------+--------+--------+--------+-----+--------+

Top non-repeatable levels by time:
       D: 794 daAuts
